AoeStats
← De1moS

Arabia

513646067Analyzed
1v1 RM · 4d ago on Oct 14, 2026· 35m 50s· 2 players
Game mode
Random Map
Map size
Tiny (2 player)
Population
200
Speed
Normal
Resources
Standard
Victory
Conquest
Starting age
Dark Age
Ending age
Imperial Age
RankedLock teamsTeams togetherTeam positionsShared explorationLock speedFull tech treeHidden civsTurbo modeCheats
Victory
Defeat
🇮🇳 Spanish · India
1181
+16
vs
🇧🇷 Slavs · Brazil
1179
-16
RockSurf
7:46 Loom
9:52 Feudal Age
10:18 Man-at-Arms
15:38 Horse Collar
22:34 Castle Age
20:25 Double-Bit Axe
20:57 Scale Mail Armor
20:55 Gold Mining
22:01 Forging
22:40 Long Swordsman
24:15 Chain Mail Armor
24:52 Gold Shaft Mining
24:52 Stone Mining
28:55 Squires
31:01 Elite Skirmisher
32:43 Fletching
34:07 Iron Casting
34:30 Sanctity
De1moS
6:47 Loom
9:38 Feudal Age
12:22 Double-Bit Axe
20:34 Fletching
23:50 Castle Age
22:08 Horse Collar
22:31 Stone Mining
29:44 Wheelbarrow
29:55 Town Watch
31:40 Devotion
33:14 Bodkin Arrow
33:30 Husbandry
33:41 Bloodlines
35:06 Bloodlines
Connection lost

Rejoining the realm…

Still unreachable

The connection could not be restored.

Session expired

The server has moved on; the page needs a fresh start.